Cogmind - Beta 15 @@@ ROGUE MODE // 2025.06.19 @ 00:18:46 Player: Envian Result: Destroyed by D-53 Grenadier with Mini Grenade Launcher Performance ------------- Evolutions (0) 0 Regions Visited (2) 400 Robots Destroyed (20) 100 Value Destroyed (521) 521 Prototype IDs (0) 0 Alien Tech Used (0) 0 Bonus (60) 60 TOTAL SCORE: 1081 Bonus ------- Follower Combat Kills 60 Cogmind --------- Core Integrity 0/250 Matter 300/300 Energy 86/100 System Corruption 1% Temperature Cool (0) Movement Walking (130) Location -10/Mines Parts ------- > --- POWER (1) -------- (None) > --- PROPULSION (2) --- Titanium Leg > --- UTILITY (2) ------ Medium Storage Unit Structural Scanner > --- WEAPON (2) ------- Beam Rifle > --- INVENTORY (10) --- Light Ion Engine Aluminum Leg Aluminum Leg Improved Heat Sink Light Armor Plating Light Armor Plating Beam Rifle Beam Rifle Beam Rifle Minigun Peak State ------------ > --- POWER ------------ Light Nuclear Core > --- PROPULSION ------- Aluminum Leg Titanium Leg > --- UTILITY ---------- Medium Storage Unit Structural Scanner > --- WEAPON ----------- Beam Rifle Mining Laser > --- INVENTORY -------- Light Ion Engine Aluminum Leg Aluminum Leg Improved Heat Sink Light Armor Plating Light Armor Plating Beam Rifle Beam Rifle Beam Rifle Particle Gun [Rating: 13] Favorites ----------- Power Light Ion Engine Engine Light Ion Engine Power Core Light Nuclear Core Propulsion Aluminum Leg Leg Aluminum Leg Utility Medium Storage Unit Device Structural Scanner Storage Medium Storage Unit Processor Signal Interpreter Protection Light Armor Plating Weapon Assault Rifle Energy Gun Beam Rifle Ballistic Gun Assault Rifle Special Weapon Mining Laser Build | -11 -10 -10 ------- Run | Yrd Mat Min Slots Evolved . | . . . Power . | . . . Propulsion . | . . . Utility . | . . . Weapon . | . . . Parts Attached 21 | 6 13 2 Power 4 | 1 2 1 Engine 3 | 1 2 . Core 1 | . . 1 Reactor . | . . . Propulsion 4 | 2 1 1 Treads . | . . . Leg 4 | 2 1 1 Wheel . | . . . Hover . | . . . Flight . | . . . Utility 6 | 1 5 . Device 1 | . 1 . Storage 2 | 1 1 . Processor 1 | . 1 . Hackware . | . . . Protection 2 | . 2 . Artifact . | . . . Weapon 7 | 2 5 . Energy Gun 4 | 1 3 . Energy Cannon . | . . . Ballistic Gun 2 | 1 1 . Ballistic Cannon . | . . . Launcher . | . . . Special Weapon 1 | . 1 . Impact Weapon . | . . . Slashing Weapon . | . . . Piercing Weapon . | . . . Special Melee Weapon . | . . . Unidentified Prototypes . | . . . Parts Lost 4 | . 1 3 Power 2 | . 1 1 Propulsion 1 | . . 1 Utility . | . . . Weapon 1 | . . 1 Highest Loss Streak 3 | . 1 3 To Critical Strikes . | . . . Average Backups 7 | 2 7 9 Power 1 | . 1 1 Propulsion 1 | . 1 2 Utility 2 | . 2 3 Weapon 2 | . 2 3 Tool/Special . | . . . Unused Backups 8 | . 2 6 Power 1 | . . 1 Propulsion 1 | . . 1 Utility 2 | . 1 1 Weapon 4 | . 1 3 Tool/Special . | . . . Average Slot Usage (%) 98 | . 98 99 Engine 12 | . 13 7 Core 1 | . . 6 Leg 27 | . 27 28 Device 5 | . 4 13 Storage 14 | . 14 14 Protection 7 | . 8 . Energy Gun 13 | . 13 14 Ballistic Gun 11 | . 14 . Special Weapon 2 | . . 13 Peak Build Rating 13 | 6 10 13 Average Rating 8 | 3 8 10 On Entrance 5 | . 6 9 Naked Turns . | . . . Heaviest Build 21 | 11 21 20 Greatest Support 27 | 20 20 27 Greatest Overweight (x) 1 | . 1 . Average Overweight (x) . | . . . Largest Inventory Capacity 10 | 8 10 10 Average Capacity 9 | 6 8 10 Most Carried 10 | 5 10 10 Average Carried 7 | 2 7 9 Final Capacity 10 | 8 10 10 Final Carried 10 | 2 10 10 Class Distribution -------------------- 100% | Mutant Dominant Class ---------------- Mutant | -10/Materials Mutant | -10/Mines Resources | -11 -10 -10 ----------- Run | Yrd Mat Min Matter Collected 784 | 217 519 48 Remotely . | . . . Salvage Created 711 | . 711 . Parts 48 | . 48 . Haulers Intercepted 2 | . 2 . Recyclers Shooed 1 | . 1 . Parts Field Recycled . | . . . Retrieved Matter . | . . . Parts Self-Destructed . | . . . Prevented . | . . . Kills | -11 -10 -10 ------- Run | Yrd Mat Min Combat Hostiles Destroyed 14 | . 14 . Guns 14 | . 14 . Classes Destroyed 6 | . 6 . Hauler 2 | . 2 . Recycler 1 | . 1 . Operator 1 | . 1 . Watcher 2 | . 2 . Swarmer 3 | . 3 . Grunt 11 | . 11 . Best Kill Streak 5 | . 5 . Combat Bots Only 2 | . 2 . Max Kills in Single Turn 1 | . 1 . Gunslinging . | . . . Exploded . | . . . Melee . | . . . Uniques/NPCs Destroyed . | . . . Combat | -11 -10 -10 -------- Run | Yrd Mat Min Hostile Shots Fired 64 | . 56 8 Missed 15 | . 15 . Hits 49 | . 41 8 Projectile 49 | . 41 8 AOE 10 | . . 10 Damage Taken 899 | . 494 405 Core 252 | . 112 140 Absorbed by Shields . | . . . Core Remaining (%) 100 | 100 . . Volleys Fired 68 | . 66 2 Largest 2 | . 2 1 Hottest 156 | . 156 56 Shots Fired 134 | . 132 2 Gun 133 | . 131 2 Cannon . | . . . Launcher . | . . . Special 1 | . 1 . Kinetic 101 | . 101 . Thermal 33 | . 31 2 Explosive . | . . . Electromagnetic . | . . . Robot Hit Streak 8 | . 8 . Robot Miss Streak 3 | . 3 2 Penetration Max . | . . . Secondary Targets 2 | . 2 . Max Gunslinging Chain 1 | . 1 . Shots Hit Robots 74 | . 74 . Core Hits 39 | . 39 . Critical Kills . | . . . Critical Parts Destroyed . | . . . Critical Strikes . | . . . Melee Attacks . | . . . Impact . | . . . Slashing . | . . . Piercing . | . . . Sneak Attacks . | . . . Combat Hostiles . | . . . Follow-up Attacks . | . . . Damage Inflicted 973 | . 972 1 Guns 949 | . 949 . Cannons . | . . . Explosions . | . . . Melee . | . . . Ramming 24 | . 23 1 Kinetic 762 | . 762 . Thermal 187 | . 187 . Explosive . | . . . Electromagnetic . | . . . Impact . | . . . Slashing . | . . . Piercing . | . . . Highest Corruption 1 | . 1 1 Average Corruption 1 | . 1 1 Corruption Purged . | . . . Corruption Blocked . | . . . Effects 4 | . . 4 Message Errors 3 | . . 3 Matter Fused 1 | . . 1 Overload Shots . | . . . Overflow Damage . | . . . Projectiles . | . . . Explosions . | . . . Melee . | . . . Knockbacks . | . . . Impact . | . . . Kinetic . | . . . Secondary . | . . . Self-Inflicted Damage . | . . . Shots . | . . . Rammed . | . . . Targets Rammed 5 | . 4 1 Kicked 5 | . 4 1 Crushed . | . . . Highest Temperature 186 | . 186 12 Average Temperature 36 | . 37 7 Received Heat Transfer 243 | . 243 . Siege Activations . | . . . Martial Activations . | . . . Shielding Activations . | . . . Robots Disrupted . | . . . Combat Hostiles . | . . . Robots Corrupted . | . . . Combat Hostiles . | . . . Parts Fried . | . . . Impact Corruptions . | . . . Robots Melted . | . . . Combat Hostiles . | . . . Parts Melted . | . . . Heat Transferred 446 | . 446 . Parts Sabotaged . | . . . Parts Stolen . | . . . Parts Stripped . | . . . Power Chain Reactions . | . . . Alert | -11 -10 -10 ------- Run | Yrd Mat Min Maximum Alert Level . | . . . Low Security (%) 100 | 100 100 100 Level 1 . | . . . Level 2 . | . . . Level 3 . | . . . Level 4 . | . . . Level 5 . | . . . High Security . | . . . Max Security . | . . . Peak Influence 151 | . 151 46 Initial 3 | . . 3 Average 31 | . 37 6 Influence Increases 495 | . 439 56 Destroy 0b10 Robot/C 320 | . 280 40 Destroy 0b10 Robot/NC 30 | . 30 . Destroy Leader 78 | . 68 10 Allied During Kill 6 | . . 6 Disable Machine 30 | . 30 . Destroy Structure 1 | . 1 . Lose Combat Pursuer 30 | . 30 . Influence Decreases 495 | . 430 65 Entered New Map 6 | . . 6 Time Decay 479 | . 420 59 Lost Part 10 | . 10 . Squads Dispatched 4 | . 3 1 Investigation 3 | . 2 1 Extermination . | . . . Reinforcement 1 | . 1 . Assault . | . . . Garrison . | . . . Intercept . | . . . Searches Triggered . | . . . Construction Impeded . | . . . Haulers Reinforced . | . . . Active Scanning Responses . | . . . Cargo Convoy Interrupts . | . . . Stealth | -11 -10 -10 --------- Run | Yrd Mat Min Distress Signals 3 | . 3 . Communications Jammed . | . . . Distress Signals . | . . . Times Spotted 29 | . 27 2 Peak Tracking Total 5 | . 5 2 Tactical Retreats 1 | . 1 . Traps | -11 -10 -10 ------- Run | Yrd Mat Min Traps Triggered 5 | . 5 . Indirectly . | . . . Trap Hack Attempts . | . . . Triggered . | . . . Disarmed . | . . . Reprogrammed . | . . . Reused . | . . . Traps Extracted . | . . . Installed . | . . . Triggered . | . . . Machines | -11 -10 -10 ---------- Run | Yrd Mat Min Machines Disabled 2 | . 2 . Max in Single Turn 1 | . 1 . Machines Repaired . | . . . Machines Dismantled . | . . . Machines Sabotaged . | . . . Overloaded Fab Kills . | . . . Hacking | -11 -10 -10 --------- Run | Yrd Mat Min Machines Accessed 4 | . 3 1 Terminals 3 | . 3 . Fabricators . | . . . Repair Stations . | . . . Recycling Units . | . . . Scanalyzers . | . . . Garrison Access . | . . . Total Hacks 14 | . 13 1 Successful 9 | . 8 1 Failed 5 | . 5 . Catastrophic 1 | . 1 . Database Lockouts . | . . . Manual 11 | . 11 . Terminals 13 | . 13 . Fabricators . | . . . Repair Stations . | . . . Recycling Units . | . . . Scanalyzers . | . . . Garrison Access . | . . . Terminal Hacks 4 | . 3 1 Record 1 | . 1 . Open Door 1 | . . 1 Locate Traps 2 | . 2 . Fabricator Hacks . | . . . Repair Station Hacks . | . . . Recycling Unit Hacks . | . . . Scanalyzer . | . . . Garrison Access Hacks . | . . . Unauthorized Hacks 5 | . 5 . Terminals 5 | . 5 . Botnet 3 | . 3 . Operators 2 | . 2 . Fabricators . | . . . Repair Stations . | . . . Recycling Units . | . . . Scanalyzers . | . . . Garrison Access . | . . . Data Cores Recovered . | . . . Used . | . . . Hacking Detections 3 | . 3 . Full Trace Events 1 | . 1 . Feedback Events 1 | . 1 . Corruption 1 | . 1 . Feedback Blocked . | . . . Robot Schematics Acquired . | . . . Robots Built . | . . . Authchips . | . . . Time . | . . . Total Robot Build Rating . | . . . Part Schematics Acquired . | . . . Parts Built . | . . . Authchips . | . . . Time . | . . . Total Part Build Rating . | . . . Parts Repaired . | . . . Time . | . . . Parts Recycled . | . . . Recycled Matter . | . . . Retrieved Matter . | . . . Retrieved Components . | . . . Parts Scanalyzed . | . . . Part Schematics Acquired . | . . . Parts Damaged . | . . . Bothacking | -11 -10 -10 ------------ Run | Yrd Mat Min Used RIF Installer . | . . . Robots Hacked . | . . . Non-combat . | . . . Combat . | . . . Robot Hacks Applied . | . . . Relay Couplers Released . | . . . Fabnet Peak Effective % . | . . . Robots Rewired . | . . . Allies Hacked . | . . . Hacks Repelled . | . . . Allies | -11 -10 -10 -------- Run | Yrd Mat Min Total Allies 2 | . . 2 Largest Group 2 | . . 2 Highest-Rated Group 39 | . . 39 Highest-Rated Ally 31 | . . 31 Total Orders . | . . . Ally Attacks 6 | . . 6 Total Damage 100 | . . 100 Kills 2 | . . 2 Allies Corrupted . | . . . Allies Melted . | . . . Intel | -11 -10 -10 ------- Run | Yrd Mat Min Active Infowar (turns) 887 | . 542 345 Structural 887 | . 542 345 Robot Analysis Total . | . . . Derelict Logs Recovered 1 | . . 1 Drone Launches . | . . . Drone Recoveries . | . . . Exploration | -11 -10 -10 ------------- Run | Yrd Mat Min Turns Passed 2115 | 48 1713 354 Spaces Moved 1445 | 43 1120 282 Core 24 | 24 . . Treads . | . . . Legs 1421 | 19 1120 282 Wheels . | . . . Hover . | . . . Flight . | . . . Fastest Speed 50 | 50 120 120 Average Speed 122 | 80 124 120 Slowest Speed 190 | 120 190 130 Overloaded Moves . | . . . Propulsion Burnouts . | . . . Robots Hopped . | . . . Potential Cave-ins . | . . . Cave-ins Triggered . | . . . Exploration Rate (%) 57 | 3 94 75 Regions Visited 2 Branch Regions 1 Pre-discovered Areas 1 | . . 1 Known Exits Taken 1 | . 1 . Unknown Exits Taken 1 | 1 . . Scrap Searched 1 | . . 1 Spaces Dug . | . . . Terrain Destroyed . | . . . Melee . | . . . Projectile . | . . . AOE . | . . . Terrain Rammed . | . . . Walls Destroyed . | . . . Machines Disabled . | . . . Actions | -11 -10 -10 --------- Run | Yrd Mat Min Total 1647 | 55 1298 294 Wait 54 | . 52 2 Move 1443 | 42 1119 282 Hop . | . . . Pick Up 33 | 7 25 1 Fast Attach 1 | 1 . . Attach 14 | 5 9 . Detach . | . . . Swap 16 | . 13 3 Drop 13 | . 10 3 Fire 68 | . 66 2 Melee . | . . . Ram . | . . . Kick 5 | . 4 1 Crush . | . . . Escape Stasis . | . . . Rewire . | . . . Trap . | . . . Miscellaneous . | . . . Route ------- -11/Scrapyard -10/Materials (discovered 4 exits: [*Mat x2] / *Min / [*Sub]) -10/Mines (discovered 1 exit: [*Mat]) History --------- Turn | Location | Event 4 | -11/Scrapyard | Discovered new exit (range 15) 49 | -11/Scrapyard | Entered Materials 211 | -10/Materials | Discovered new exit (range 7) 317 | -10/Materials | Build established: Mutant 735 | -10/Materials | Discovered new exit (range 10) 909 | -10/Materials | Discovered new exit (range 13) 1546 | -10/Materials | Discovered new exit (range 14) 1734 | -10/Materials | Identified exit to Mines 1762 | -10/Materials | Entered Mines 1817 | -10/Mines | Learned location of Storage (-7) 1817 | -10/Mines | Learned location of 1 exit from Materials 1870 | -10/Mines | Discovered new exit (range 6) 2038 | -10/Mines | Met a Derelict shopkeep closing up shop 2039 | -10/Mines | Assembled infested the area 2044 | -10/Mines | Assisted by a Guerilla fighting off Assembled 2111 | -10/Mines | Core integrity fell below 50% 2115 | -10/Mines | Core integrity fell below 20% 2116 | -10/Mines | Destroyed by D-53 Grenadier with Mini Grenade Launcher Last Messages --------------- 02044_ Dropped Particle Gun. 02047_ Acquired Minigun. 02075_ Kicked T-07 Excavator out of the way. 02103_ The unstable cave ceiling collapses. 02104_ 0D-JXW(z) destroyed. 02104_ Machine disabled. 02106_ Lgt. Nuclear Core destroyed. 02106_ T-07 Excavator destroyed. 02107_ The unstable cave ceiling collapses. 02108_ Mining Laser destroyed. 02108_ R-06 Scavenger destroyed. 02110_ The unstable cave ceiling collapses. 02114_ Searching scrap... 02114_ Found Com. Wheel. 02114_ Found Huge Storage Unit. 02114_ Found EM Pulse Gun. 02114_ Found 50 Matter. 02114_ Aluminum Leg destroyed. 02115_ Acquired 2 matter. 02115_ The unstable cave ceiling collapses. Map ----- +----------------------------------------------------+ | ?????????????????############## #######??????? | | ?????????????????############## #######?????? | | ?????????????????## ###?????? | | ##???????########## ###### #### ##?????? | | ###?????########### ###### ##### ## ##?????? | | ###??###### ## #### ####### #######?????? | | ##?###### ##?#### #######?????? | | ###?### ##???## ##??????????? | | ###?## ### ##???## ##??????????? | | ##### """ ## ####### ######??????? | | ###### """ ## ## ####### ######??????? | | ##?## """ #### ### ##"=### ##??????? | | #?### ###### #### ##"/ # ##??????? | | ##### ############### ##"/ ##??????? | | #### #####??######### ##"= ##??????? | | ## ####?????????#### ##" !#X ##??????? | | ###?????????##### ! ## ##??????? | | ###????????### ##??????? | | # ###???????## % ######??????? | | ## ##???????### r ######??????? | | ## ????## ###?????????? | | # ### #####??? ## %[ ##?????????? | | ## ##### ######??? ## = ###?????????? | | ##############?????? # ! ###?????????? | | ######??#####??????? # ##??????????? | | ##????????????????## # @d t#####??????????? | | ##????????????????## d ####??????????? | | ##????????????????#### ###?????????? | | ##????????????????#### # ##?????????? | | #???????????????????########### ##?????????? | | ????????????????????######## ##?????????? | | ???????????????????????????????? ###?????????? | | ????????????????????????????????######?????????? | | ????????????????????????????????#####??????????? | | ????????????####???????????????????????????????? | | ???????????? ####??????????????????????????????? | | ####??????? ## ??????????????????????????????? | | #### ????? ??????????????????????????????? | | ## ???? ??????????????????????????????? | | # ??????????????????????????????? | | #### < #????????????????????????????? | | ##????????????????????????????? | | ##????????????????????????????? | | # ####### ???? ##????????????????????????????? | | ### ########???????????????????????????????????? | | ### ##?????????????????????????????????????????? | | ?## ##?????????????????????????????????????????? | | ?## ##???????? ????????????????????????????????? | | ### ##???????? ???????????####?????????????????? | | ### ###??????? ?????????#######????????????????? | +----------------------------------------------------+ Best States ------------- Heat Dissipation 25 Energy Generation 14 Energy Capacity 160 Matter Stores 300 Matter Capacity 300 Sight Range 16 Terrain Scan Density 10 Armor Coverage 150 Evasion (%) 55 Item Schematics ----------------- None Robot Schematics ------------------ None Fabricated ------------ Nothing Repaired ---------- Nothing Alien Tech Used ----------------- None Achievements -------------- None Challenges ------------ None Game ------ Seed TripodTractorInverter Manual? 0 Play Time 00:28:00 Cumulative 42.0 hours Start 2025.06.18 @ 12:11:23 End 2025.06.19 @ 00:18:46 Sessions 1 Manual Loads 0 Difficulty Rogue Special Mode None Game No. 53 Rogue 53 Adventurer 0 Explorer 0 Win Type - Total 1 Types 1/0/0/0/0/0/0/0/0/0 Lore% 26 Gallery% 29 Achievement% 32 Wizard Run 0 Options --------- Layout 0 ASCII 0 Keyboard 0 Movement Numpad Keybinds 0 Fullscreen 1 Font 24/Smallcaps Map View 76x50 Zoom Use 0% Tactical HUD 1 Map Filters NONE Filters NONE Steam 1 RUN: d4fd6dbd-57b3-4d69-95e5-939101d93e06